 Dungeon Crawl Stone Soup version 0.19-a0-1068-g99dd0f4 (webtiles) character file.

35 FrancescoMac the Caller (level 3, 0/14 HPs)
             Began as a Felid Summoner on Aug 4, 2016.
             Succumbed to an adder's poison
             ... on level 2 of the Dungeon.
             The game lasted 00:08:44 (1392 turns).

FrancescoMac the Caller (Felid Summoner)            Turns: 1392, Time: 00:08:45

Health: 0/14       AC:  1    Str:  1 (4)  XL:     3   Next: 17%
Magic:  4/7        EV: 18    Int: 14 (17) God:
Gold:   88         SH:  0    Dex: 13 (16) Spells: 1 memorised, 5 levels left
                                        Lives:  0   Deaths: 0

rFire  . . .     SeeInvis +     (weapon unavailable)
rCold  . . .     Gourm    .     (armour unavailable)
rNeg   . . .     Faith    .     (shield unavailable)
rPois  .         Spirit   .     (helmet unavailable)
rElec  .         Dismiss  .     (cloak unavailable)
rCorr  .         Reflect  .     (gloves unavailable)
SustAt .         Harm     .     (boots unavailable)
MR     .....                    (no amulet)
Stlth  +++.......               (no ring)
                                (no ring)

@: lethally poisoned (0 -> -7), quick
A: no armour, no weapons or thrown items, claws 1, fangs 3, see invisible,
carnivore 3, speed 1, shaggy fur 1, slow metabolism 1, sharp paws
a: no special abilities


You were on level 2 of the Dungeon.
You were completely stuffed.

You visited 1 branch of the dungeon, and saw 2 of its levels.

You collected 88 gold pieces.

Inventory:

Potions
 d - 2 potions of degeneration
Books
 a - a book of Callings

   Spells                             Type                      Level
   a - Summon Small Mammal            Summoning                    1
   b - Call Imp                       Summoning                    2
   c - Call Canine Familiar           Summoning                    3
   d - Summon Guardian Golem          Hexes/Summoning              3
   e - Summon Lightning Spire         Summoning/Air                4
   f - Summon Ice Beast               Ice/Summoning                4
Comestibles
 b - a meat ration
 g - 2 beef jerkies
 i - a chunk of flesh


   Skills:
 + Level 3.2 Dodging
 + Level 3.6 Stealth
 + Level 2.3 Spellcasting
 + Level 4.2 Summonings


You had 5 spell levels left.
You knew the following spells:

 Your Spells              Type           Power        Failure   Level  Hunger
a - Summon Small Mammal   Summ           ##..         4%          1    #......


Dungeon Overview and Level Annotations

Branches:
Dungeon (2/15)

Altars:


Innate Abilities, Weirdness & Mutations

You cannot wear armour.
You are incapable of wielding weapons or throwing items.
You have sharp claws.
You have razor-sharp teeth.
You have supernaturally acute eyesight. (SInv)
You are carnivorous and can eat meat at any time.
You cover ground quickly.
You are covered in fur. (AC +1)
You have a slow metabolism.
Your sharp claws are effective at attacking unaware monsters.


Message History

Your quokka misses the adder.
Found 5 gold pieces.
* * * LOW HITPOINT WARNING * * *
You feel sick.
Your rat closely misses the adder.
Your quokka disappears in a puff of smoke!
* * * LOW HITPOINT WARNING * * *
You feel sick.
Okay, then.
Okay, then.
You closely miss the adder.
The adder is almost dead.
Your rat disappears in a puff of smoke!
The adder closely misses you.
Your rat misses the adder. You scratch the adder.
You kill the adder!
You swap places.
* * * LOW HITPOINT WARNING * * *
You feel sick.
There is a lethal amount of poison in your body!
You die...

## #.# #.. #.# #.# #.#######
#$# #......w##### #######.#
####........#
.......#+####........#####
.####...................#...
...............#........#...
...#....§r.@...#........#...
.....#...§.....#........#...
.... #.....#............w...
... #.....#.##....###......
.. #...................... .
#.....#.#.....##.......
#.....#.#.#....#.....$.
#...........#....#.#+#...
#.........###....#. ...


You could see a dart slug (wandering) and a friendly rat.

Vanquished Creatures
  2 adders
  A giant gecko (D:1)
  A giant newt (D:1)
  A rat (D:1)
5 creatures vanquished.

Vanquished Creatures (collateral kills)
  3 dart slugs (D:1)
  2 giant cockroaches (D:1)
  5 goblins (D:1)
  2 hobgoblins (D:1)
  7 kobolds
  A ball python (D:1)
  4 giant newts
  2 rats
26 creatures vanquished.

Grand Total: 31 creatures vanquished

Notes
Turn   | Place    | Note
-------+----------+-------------------------------------------
     0 | D:1      | FrancescoMac the Felid Summoner began the quest for the Orb.
     0 | D:1      | Reached XP level 1. HP: 7/7 MP: 4/4
   403 | D:1      | Reached XP level 2. HP: 11/11 MP: 4/6
  1353 | D:2      | Reached XP level 3. HP: 14/14 MP: 3/7
  1392 | D:2      | Succumbed to an adder's poison

Vault maps used:
D:1:      minmay_arrival_three_doors
D:2:      uniq_iyjb, uniq_robin

Skill      XL: |  1  2 |
---------------+-------+-----
Dodging        | 3 |  3.2
Stealth        | 3 |  3.6
Spellcasting   | |  2.3
Summonings     | |  4.2

Action                   || total
-------------------------++-------
Melee: Unarmed           ||    15
 Cast: Summon Small Mamm ||    58
  Use: Potion            ||     3
       Scroll            ||     2
 Stab: Sleeping          ||     2
  Eat: Chunk             ||     9
Armor: Skin              ||     1
Dodge: Dodged            ||    18
